 Dungeon Crawl Stone Soup version 0.23-a0-32-g1388f29e54 (webtiles) character file.

52355 Ablot the Thaumaturge (level 14, -5/110 HPs)
             Began as a Gnoll Skald on Aug 4, 2018.
             Was the Champion of Cheibriados.
             Slain by a sphinx (8 damage)
             ... summoned by Kirke
             ... on level 4 of the Lair of Beasts.
             The game lasted 01:07:33 (17531 turns).

Ablot the Thaumaturge (Gnoll Skald)                Turns: 17531, Time: 01:07:33

Health: -5/110     AC: 14    Str: 33    XL:     14   Next: 63%
Magic:  28/28      EV: 25    Int: 41    God:    Cheibriados [******]
Gold:   946        SH:  0    Dex: 38    Spells: 16/33 levels left

rFire    . . .     SeeInvis .   Y - +9 long sword of the Snake Pit {slice, rPois Str+4 Dex+5}
rCold    . . .     Gourm    .   y - +3 buckler
rNeg     . . .     Faith    .   S - +0 acid dragon scales
rPois    +         Spirit   .   M - +2 helmet {Int+3}
rElec    .         Reflect  .   A - scarf {repulsion}
rCorr    +         Harm     .   (no gloves)
MR       +....                  U - +1 pair of boots
Stlth    ++........             j - amulet of the acrobat
HPRegen  1.28/turn              W - +6 ring of intelligence
MPRegen  0.21/turn              n - +3 ring of slaying

@: confused, regenerating, slowed, repel missiles, very slow
A: distributed training, fangs 1, strong nose
a: Bend Time, Temporal Distortion, Slouch, Step From Time, Renounce Religion


You were on level 4 of the Lair of Beasts.
You worshipped Cheibriados.
Cheibriados was exalted by your worship.
You were hungry.

You visited 3 branches of the dungeon, and saw 20 of its levels.
You also visited: Sewer.

You collected 1315 gold pieces.
You spent 369 gold pieces at shops.

Inventory:

Hand Weapons
 u - a +0 blowgun
 J - the +5 shortbow "Jaiq" {venom, rF+ rC+ MR+ Dex+4}
   (You found it on level 1 of the Lair of Beasts)

   It poisons the ammo it fires.
   It affects your dexterity (+4).
   It protects you from fire.
   It protects you from cold.
   It affects your resistance to hostile enchantments.
 Y - the +9 long sword of the Snake Pit (weapon) {slice, rPois Str+4 Dex+5}
   (You found it on level 15 of the Dungeon)

   It inflicts extra damage upon your enemies.
   It affects your strength (+4).
   It affects your dexterity (+5).
   It protects you from poison.
Missiles
 k - 367 arrows
 o - 12 curare-tipped needles
 p - 4 javelins of penetration
 v - 78 poisoned needles
 G - 4 javelins (quivered)
Armour
 y - a +3 buckler (worn)
 A - a scarf of repulsion (worn)
 M - a +2 helmet of intelligence (worn)
 S - +0 acid dragon scales (worn)
 U - a +1 pair of boots (worn)
Magical Staves
 B - an uncursed staff of cold
Jewellery
 f - a +5 ring of intelligence
 j - an amulet of the acrobat (around neck)
 n - a +3 ring of slaying (right hand)
 w - an uncursed ring of poison resistance
 D - an uncursed ring of fire
 I - an uncursed ring of positive energy
 W - a +6 ring of intelligence (left hand)
Wands
 a - a wand of acid (13)
 t - a wand of iceblast (44)
 x - a wand of clouds (8)
 N - a wand of flame (56)
 Q - a wand of disintegration (16)
Scrolls
 b - a scroll of brand weapon
 e - 2 scrolls of blinking
 g - 6 scrolls of amnesia
 h - 12 scrolls of teleportation
 i - a scroll of noise {unknown}
 r - 12 scrolls of remove curse
 s - 5 scrolls of fear
 z - 3 scrolls of fog
 K - a scroll of identify
 L - a scroll of enchant armour
Potions
 l - 6 potions of curing
 m - 2 potions of invisibility
 q - 2 potions of might
 C - a potion of mutation
 E - 2 potions of magic
 H - a potion of brilliance
 O - a potion of resistance
 R - 3 potions of lignification
 T - a potion of heal wounds
 V - 2 potions of agility
Miscellaneous
 X - a box of beasts
Comestibles
 d - 36 rations


   Skills:
 + Level 10.3 Fighting
 + Level 10.3 Short Blades
 + Level 9.2 Long Blades
 + Level 9.2 Axes
 + Level 9.2 Maces & Flails
 + Level 9.2 Polearms
 + Level 9.2 Staves
 + Level 9.2 Slings
 + Level 9.2 Bows
 + Level 9.2 Crossbows
 + Level 9.2 Throwing
 + Level 9.6 Armour
 + Level 10.3 Dodging
 + Level 9.2 Stealth
 + Level 9.2 Shields
 + Level 9.2 Unarmed Combat
 + Level 10.4 Spellcasting
 + Level 7.7 Conjurations
 + Level 7.7 Hexes
 + Level 9.5 Charms
 + Level 7.7 Summonings
 + Level 7.7 Necromancy
 + Level 7.7 Translocations
 + Level 7.7 Transmutations
 + Level 7.7 Fire Magic
 + Level 7.7 Ice Magic
 + Level 7.7 Air Magic
 + Level 7.7 Earth Magic
 + Level 7.7 Poison Magic
 + Level 10.0 Invocations
 + Level 9.2 Evocations


You had 16 spell levels left.
You knew the following spells:

 Your Spells              Type           Power        Failure   Level  Hunger
a - Infusion              Chrm           ####         1%          1    None
b - Song of Slaying       Chrm           #######.     1%          2    None
c - Shroud of Golubria    Chrm/Tloc      #######...   1%          2    None
d - Regeneration          Chrm/Necr      #######...   1%          3    None
e - Spectral Weapon       Hex/Chrm       #######.     1%          3    None
f - Summon Butterflies    Summ           ######..     1%          1    None
g - Fireball              Conj/Fire      ######....   1%          5    None

Your spell library contained the following spells:

 Spells                   Type           Power        Failure   Level  Hunger
 Apportation              Tloc           ######       1%          1    None
 Bolt of Fire             Conj/Fire      ######....   11%         6    ####...
 Mephitic Cloud           Conj/Pois/Air  ######..     1%          3    None
 Ring of Flames           Chrm/Fire      #######...   38%         7    #####..
 Venom Bolt               Conj/Pois      ######....   1%          5    None
 Olgreb's Toxic Radiance  Pois           ######..     1%          4    None
 Summon Small Mammal      Summ           ####         1%          1    None
 Animate Skeleton         Necr           N/A          1%          1    None
 Summon Ice Beast         Ice/Summ       ######..     1%          4    None
 Sting                    Conj/Pois      ####         1%          1    None
 Spider Form              Tmut/Pois      ######....   1%          3    None
 Blade Hands              Tmut           ######....   1%          5    None
 Ice Form                 Ice/Tmut       ######..     1%          4    None
 Confusing Touch          Hex            ######       1%          1    None
 Ignite Poison            Fire/Tmut/Pois ######..     1%          3    None
 Sticks to Snakes         Tmut           ######..     1%          2    None
 Call Canine Familiar     Summ           ######..     1%          3    None
 Summon Hydra             Summ           ######....   52%         7    #####..
 Beastly Appendage        Tmut           ######       1%          1    None
 Summon Mana Viper        Hex/Summ       ######..     1%          5    None
 Poisonous Vapours        Pois/Air       ######       1%          2    None
 Ignition                 Fire           ######....   99%         8    #######


Dungeon Overview and Level Annotations

Branches:
Dungeon (15/15)            Temple (1/1) D:5            Lair (4/6) D:9
    Orc (0/2) D:10         Vaults (0/5) D:13         Depths (0/5) D:15
  Swamp: Lair:2-4    Shoals: Lair:2-4     Snake: Lair:2-4    Spider: Lair:2-4

Altars:
Ashenzari
Cheibriados
Dithmenos
Elyvilon
Fedhas
Gozag
Hepliaklqana
Kikubaaqudgha
Makhleb
Nemelex Xobeh
Okawaru
Qazlal
Ru
Sif Muna
Trog
Uskayaw
Vehumet
Wu Jian
Xom
Yredelemnul
Zin
The Shining One

Shops:
D:10 [   D:11 !

Annotations:
Lair:4 Kirke


Innate Abilities, Weirdness & Mutations

Your experience applies equally to all skills.
You have very sharp teeth.
Your uncanny sense of smell can sniff out nearby items.


Message History

The harpy closely misses you. x2; The hog completely misses you.
Kirke closely misses you. The sphinx misses you. x2
The sphinx hits you but does no damage.
The komodo dragon completely misses you.
The hog completely misses you. Kirke hits you!
* * * LOW HITPOINT WARNING * * *
The sphinx hits you!
* * * LOW HITPOINT WARNING * * *
The sphinx barely misses you. The sphinx hits you but does no damage.
The komodo dragon closely misses you.
You hit the lindwurm.
The lindwurm is lightly wounded.
The lindwurm bites you!
* * * LOW HITPOINT WARNING * * *
The lindwurm claws you.
* * * LOW HITPOINT WARNING * * *
The lindwurm completely misses you. The hog misses you.
The sphinx closely misses you. The sphinx hits you but does no damage.
The sphinx hits you!
You die...

.... .......
....... .......
.......
#.....###
#.##..#l.###
......Hk@..#
......h@Hh.+
........H.....#
.........<.#....
....$......# #..
......>...... .
...........##.
.........%.. #
.#.##P##..###


You could see Kirke, a sphinx, a lindwurm, a komodo dragon, 2 harpies and 2
hogs.

Vanquished Creatures
  A yaktaur captain (D:15)
  A fire dragon (D:15)
  A centaur warrior (D:15)
  5 two-headed ogres
  2 hydras
  A tengu warrior (D:14)
  An ogre mage (D:13)
  Urug (Lair:1)
  A deep elf knight (D:13)
  Sonja (Lair:3)
  7 skeletal warriors
  A wizard (D:14)
  2 unseen horrors
  2 cyclopes
  5 ugly things (D:14)
  5 deep elf magi
  A manticore (D:11)
  2 black mambas
  3 gargoyles
  2 spiny frogs
  10 yaktaurs
  A rime drake (Lair:1)
  A kobold demonologist (D:11)
  3 komodo dragons
  2 hornets
  5 trolls
  A wolf spider simulacrum (D:15)
  9 slime creatures
  4 blink frogs (Lair:1)
  9 hippogriffs
  A centaur simulacrum (D:14)
  A wraith (D:11)
  17 yaks
  4 wyverns
  2 hogs (Lair:4)
  7 hungry ghosts
  A steam dragon (D:10)
  2 vampire mosquitoes (D:13)
  A soldier ant (D:11)
  2 water moccasins (Lair:1)
  Menkaure (D:6)
  2 acid dragons
  4 sky beasts
  7 porcupines
  3 orc warriors
  3 phantoms
  3 black bears
  2 eyes of draining
  An ice beast (D:11)
  7 ogres
  A necrophage (D:9)
  A boggart (D:13)
  6 wolves (Lair:3)
  9 centaurs
  5 crocodiles
  11 big kobolds
  13 bullfrogs
  A wyvern skeleton (D:12)
  4 scorpions
  8 killer bees (D:12)
  8 wights
  6 howler monkeys
  7 crimson imps
  A centaur zombie (D:12)
  3 jellies
  3 bullfrog zombies
  2 quasits
  A gnoll shaman (D:7)
  3 bullfrog skeletons
  7 centaur skeletons
  4 orc priests
  6 hounds
  An iron imp (D:5)
  3 iguanas
  8 orc wizards
  9 worker ants
  A worker ant zombie (D:6)
  Robin (D:4)
  13 gnolls
  3 river rats
  11 adders
  A howler monkey skeleton (D:10)
  3 shadow imps
  6 oozes
  5 worms (Sewer)
  An adder skeleton (D:6)
  4 dart slugs
  3 leopard geckos
  33 orcs
  5 giant cockroaches
  14 goblins
  7 hobgoblins
  14 jackals
  9 quokkas
  6 ball pythons
  7 bats
  3 frilled lizards
  16 kobolds
  2 leopard gecko skeletons
  18 rats
478 creatures vanquished.

Vanquished Creatures (others)
  A fungus (Lair:1)
  9 spectral weapons
10 creatures vanquished.

Grand Total: 488 creatures vanquished

Notes
Turn   | Place    | Note
-------+----------+-------------------------------------------
     0 | D:1      | Ablot the Gnoll Skald began the quest for the Orb.
     0 | D:1      | Reached XP level 1. HP: 20/20 MP: 6/6
    47 | D:1      | Reached XP level 2. HP: 16/26 MP: 7/7
    80 | D:1      | Learned a level 2 spell: Song of Slaying
    83 | D:1      | Learned a level 2 spell: Shroud of Golubria
   459 | D:1      | Reached XP level 3. HP: 20/31 MP: 9/9
   464 | D:1      | Learned a level 3 spell: Regeneration
   468 | D:1      | Learned a level 3 spell: Spectral Weapon
   509 | D:1      | Reached skill level 5 in Spellcasting
   942 | D:2      | Reached skill level 1 in Invocations
  1129 | D:2      | Reached skill level 1 in Long Blades
  1129 | D:2      | Reached skill level 1 in Axes
  1129 | D:2      | Reached skill level 1 in Maces & Flails
  1129 | D:2      | Reached skill level 1 in Polearms
  1129 | D:2      | Reached skill level 1 in Staves
  1129 | D:2      | Reached skill level 1 in Slings
  1129 | D:2      | Reached skill level 1 in Bows
  1129 | D:2      | Reached skill level 1 in Crossbows
  1129 | D:2      | Reached skill level 1 in Throwing
  1129 | D:2      | Reached skill level 1 in Stealth
  1129 | D:2      | Reached skill level 1 in Shields
  1129 | D:2      | Reached skill level 1 in Unarmed Combat
  1129 | D:2      | Reached skill level 1 in Evocations
  1383 | D:2      | Found a basalt altar of Yredelemnul.
  1461 | D:2      | Found a white marble altar of Elyvilon.
  1601 | D:3      | Reached XP level 4. HP: 36/38 MP: 11/11
  1659 | D:3      | Reached skill level 1 in Conjurations
  1659 | D:3      | Reached skill level 1 in Hexes
  1659 | D:3      | Reached skill level 1 in Summonings
  1659 | D:3      | Reached skill level 1 in Necromancy
  1659 | D:3      | Reached skill level 1 in Translocations
  1659 | D:3      | Reached skill level 1 in Transmutations
  1659 | D:3      | Reached skill level 1 in Fire Magic
  1659 | D:3      | Reached skill level 1 in Ice Magic
  1659 | D:3      | Reached skill level 1 in Air Magic
  1659 | D:3      | Reached skill level 1 in Earth Magic
  1659 | D:3      | Reached skill level 1 in Poison Magic
  1855 | D:3      | Found a sacrificial altar of Ru.
  1996 | D:3      | Reached XP level 5. HP: 37/43 MP: 12/12
  2163 | D:4      | Found a glowing drain.
  2290 | Sewer    | Entered a sewer
  2434 | Sewer    | Noticed a big kobold
  2469 | Sewer    | Killed a big kobold
  2541 | Sewer    | Noticed a big kobold
  2578 | Sewer    | Killed a big kobold
  2578 | Sewer    | Reached XP level 6. HP: 33/50 MP: 8/14
  2764 | Sewer    | Reached skill level 5 in Fighting
  2764 | Sewer    | Reached skill level 5 in Short Blades
  2764 | Sewer    | Reached skill level 5 in Dodging
  3023 | Sewer    | Reached XP level 7. HP: 48/56 MP: 11/15
  3291 | D:4      | Found a shattered altar of Ashenzari.
  3643 | D:4      | Noticed Robin
  3666 | D:4      | Killed Robin
  3878 | D:4      | Found an ancient bone altar of Kikubaaqudgha.
  4171 | D:5      | Entered Level 5 of the Dungeon
  4184 | D:5      | Found a staircase to the Ecumenical Temple.
  4204 | Temple   | Entered the Ecumenical Temple
  4453 | D:5      | Found a snail-covered altar of Cheibriados.
  4480 | D:5      | Became a worshipper of Cheibriados the Contemplative
  4613 | D:5      | Reached XP level 8. HP: 30/63 MP: 16/16
  5265 | D:6      | Reached * piety under Cheibriados
  5339 | D:6      | Noticed Menkaure
  5347 | D:6      | Killed Menkaure
  5767 | D:6      | Reached XP level 9. HP: 66/69 MP: 14/18
  6073 | D:6      | Found a radiant altar of Vehumet.
  6353 | D:6      | Found a blossoming altar of Fedhas.
  6470 | D:7      | Reached ** piety under Cheibriados
  6900 | D:7      | Reached skill level 5 in Armour
  7430 | D:7      | Reached *** piety under Cheibriados
  7430 | D:7      | Reached skill level 5 in Invocations
  7841 | D:8      | Found a shimmering altar of Xom.
  7897 | D:8      | Reached XP level 10. HP: 37/77 MP: 16/20
  8127 | D:8      | Found a hazy altar of Hepliaklqana.
  8181 | D:8      | Found a hide-covered altar of Uskayaw.
  8249 | D:8      | Found an iron altar of Okawaru.
  8810 | D:9      | Reached skill level 5 in Long Blades
  8810 | D:9      | Reached skill level 5 in Axes
  8810 | D:9      | Reached skill level 5 in Maces & Flails
  8810 | D:9      | Reached skill level 5 in Polearms
  8810 | D:9      | Reached skill level 5 in Staves
  8810 | D:9      | Reached skill level 5 in Slings
  8810 | D:9      | Reached skill level 5 in Bows
  8810 | D:9      | Reached skill level 5 in Crossbows
  8810 | D:9      | Reached skill level 5 in Throwing
  8810 | D:9      | Reached skill level 5 in Stealth
  8810 | D:9      | Reached skill level 5 in Shields
  8810 | D:9      | Reached skill level 5 in Unarmed Combat
  8810 | D:9      | Reached skill level 5 in Evocations
  9201 | D:9      | Paralysed by a hornet for 3 turns
  9220 | D:9      | Reached **** piety under Cheibriados
  9399 | D:9      | Reached skill level 5 in Conjurations
  9399 | D:9      | Reached skill level 5 in Hexes
  9399 | D:9      | Reached skill level 5 in Summonings
  9399 | D:9      | Reached skill level 5 in Necromancy
  9399 | D:9      | Reached skill level 5 in Translocations
  9399 | D:9      | Reached skill level 5 in Transmutations
  9399 | D:9      | Reached skill level 5 in Fire Magic
  9399 | D:9      | Reached skill level 5 in Ice Magic
  9399 | D:9      | Reached skill level 5 in Air Magic
  9399 | D:9      | Reached skill level 5 in Earth Magic
  9399 | D:9      | Reached skill level 5 in Poison Magic
  9399 | D:9      | Reached XP level 11. HP: 86/86 MP: 21/23
  9413 | D:9      | Found a staircase to the Lair.
  9554 | D:10     | Entered Level 10 of the Dungeon
  9687 | D:10     | Noticed a two-headed ogre
  9698 | D:10     | Found a staircase to the Orcish Mines.
  9700 | D:10     | Found Sesch's Armour Shoppe.
  9711 | D:10     | Killed a two-headed ogre
  9780 | D:10     | Bought a +0 helmet of intelligence for 161 gold pieces
  9930 | D:10     | Noticed a seven-headed hydra
  9949 | D:10     | Killed a seven-headed hydra
 10067 | D:10     | Noticed a two-headed ogre
 10074 | D:10     | Killed a two-headed ogre
 10074 | D:10     | Reached XP level 12. HP: 93/93 MP: 20/24
 10081 | D:10     | Reached ***** piety under Cheibriados
 10570 | D:11     | Learned a level 1 spell: Summon Butterflies
 10681 | D:11     | Found Cisoz's Distillery.
 10686 | D:11     | Bought a potion of brilliance for 64 gold pieces
 10686 | D:11     | Bought a potion of might for 64 gold pieces
 10686 | D:11     | Bought a potion of heal wounds for 80 gold pieces
 11416 | D:12     | Noticed a two-headed ogre
 11423 | D:12     | Killed a two-headed ogre
 11437 | D:12     | Reached XP level 13. HP: 65/101 MP: 15/26
 11505 | D:12     | Reached ****** piety under Cheibriados
 11524 | D:12     | Learned a level 5 spell: Fireball
 12764 | D:13     | Found a gate to the Vaults.
 13758 | D:14     | Reached skill level 10 in Spellcasting
 13772 | D:14     | Reached XP level 14. HP: 58/109 MP: 17/28
 14105 | D:15     | Entered Level 15 of the Dungeon
 14353 | D:15     | Got a translucent long sword
 14354 | D:15     | Identified the +9 long sword of the Snake Pit {slice, rPois Str+4 Dex+5} (You found it on level 15 of the Dungeon)
 14439 | D:15     | Reached skill level 10 in Fighting
 14439 | D:15     | Reached skill level 10 in Short Blades
 14439 | D:15     | Reached skill level 10 in Dodging
 14844 | D:15     | Found a staircase to the Depths.
 15217 | Lair:1   | Entered Level 1 of the Lair of Beasts
 15276 | Lair:1   | Got an ancient shortbow
 15282 | Lair:1   | Identified the +5 shortbow "Jaiq" {venom, rF+ rC+ MR+ Dex+4} (You found it on level 1 of the Lair of Beasts)
 15358 | Lair:1   | Noticed Urug
 15369 | Lair:1   | Killed Urug
 16843 | Lair:3   | Reached skill level 10 in Invocations
 17155 | Lair:3   | Noticed Sonja
 17161 | Lair:3   | Killed Sonja
 17514 | Lair:4   | Noticed Kirke
 17518 | Lair:4   | Noticed a sphinx
 17531 | Lair:4   | HP: 3/110 [lindwurm[Kirke] (5)]
 17531 | Lair:4   | Slain by a sphinx

Vault maps used:
D:1:      dpeg_arrival_tiny_f, minmay_misc_feat_plants
D:2:      kennysheep_ying_yang
D:3:      lemuel_round_altar, first_ration, minmay_unequal
D:4:      kiku_gazebo_pond_becter, evilmike_ruin_ashenzari,
          portal_sewer_entry_c, uniq_robin
D:5:      slow_altar_1, minmay_temple_entry_large_hall
D:6:      fedhas_altar_fruit_tree, kennysheep_mini_moat, uniq_menkaure
D:7:      minmay_misc_feat_rows
D:8:      lemuel_round_altar, overflow_temple_1_default, lemuel_crystal_altar,
          lemuel_crystal_altar, blue_anna_alchemist
D:9:      erik_lair_dragon
D:10:     orc_david_3
D:11:     serial_shops, shop, nooodl_food_tri
D:13:     hangedman_vaults_entry_quadrant_bands
D:15:     grunt_enter_depths_snipers, minmay_misc_feat_pillars,
          serial_column_ruins, column_ruins_open_small,
          column_ruins_columns_straight, column_ruins_columns_corner
Temple:   zaba_magenta_temple
Lair:1:   uniq_urug
Lair:3:   uniq_sonja
Lair:4:   swamp_mist_pool, guppyfry_snake_entry_island, serial_bayou_shore_b,
          infiniplex_staircase_pool_2, uniq_kirke
Sewer:    sewer_co_tree

Skill      XL: |  1  2  3  4  5  6  7  8  9 10 11 12 13 14 |
---------------+-------------------------------------------+-----
Spellcasting   | 5 6 8 9 10 | 10.4
Invocations    | 1 2 3 4 5 7 8 9 10 | 10.0
Long Blades    | 1 2 3 4 6 7 8 9 |  9.2
Axes           | 1 2 3 4 6 7 8 9 |  9.2
Maces & Flails | 1 2 3 4 6 7 8 9 |  9.2
Polearms       | 1 2 3 4 6 7 8 9 |  9.2
Staves         | 1 2 3 4 6 7 8 9 |  9.2
Slings         | 1 2 3 4 6 7 8 9 |  9.2
Bows           | 1 2 3 4 6 7 8 9 |  9.2
Crossbows      | 1 2 3 4 6 7 8 9 |  9.2
Throwing       | 1 2 3 4 6 7 8 9 |  9.2
Stealth        | 1 2 3 4 6 7 8 9 |  9.2
Shields        | 1 2 3 4 6 7 8 9 |  9.2
Unarmed Combat | 1 2 3 4 6 7 8 9 |  9.2
Evocations     | 1 2 3 4 6 7 8 9 |  9.2
Conjurations   | 1 2 3 5 6 7 |  7.7
Hexes          | 1 2 3 5 6 7 |  7.7
Summonings     | 1 2 3 5 6 7 |  7.7
Necromancy     | 1 2 3 5 6 7 |  7.7
Translocations | 1 2 3 5 6 7 |  7.7
Transmutations | 1 2 3 5 6 7 |  7.7
Fire Magic     | 1 2 3 5 6 7 |  7.7
Ice Magic      | 1 2 3 5 6 7 |  7.7
Air Magic      | 1 2 3 5 6 7 |  7.7
Earth Magic    | 1 2 3 5 6 7 |  7.7
Poison Magic   | 1 2 3 5 6 7 |  7.7
Armour         | 3 4 5 6 7 8 9 |  9.6
Fighting       | 5 6 7 8 9 10 | 10.3
Short Blades   | 5 6 7 8 9 10 | 10.3
Dodging        | 5 6 7 8 9 10 | 10.3
Charms         | 6 7 8 9 |  9.5

Action                   |  1- 3 |  4- 6 |  7- 9 | 10-12 | 13-15 || total
-------------------------+-------+-------+-------+-------+-------++-------
Melee: Short sword       |   169 |   266 |     5 |       |       ||   440
       Bite              |    17 |    26 |    53 |   109 |   121 ||   326
       Punch             |     1 |       |    11 |     5 |       ||    17
       Dagger            |       |       |   232 |    78 |       ||   310
       Whip              |       |       |   206 |   320 |   282 ||   808
       Staff             |       |       |       |       |    73 ||    73
       Long sword        |       |       |       |       |   108 ||   108
       Unarmed           |       |       |       |       |     8 ||     8
 Fire: Shortbow          |       |       |       |       |     9 ||     9
Throw: Javelin           |       |       |       |       |     2 ||     2
 Cast: Regeneration      |     1 |     9 |     7 |    10 |     9 ||    36
       Shroud of Golubri |     1 |    10 |    14 |    12 |     7 ||    44
       Infusion          |     1 |     6 |     7 |     6 |     4 ||    24
       Spectral Weapon   |       |     5 |    17 |    27 |    23 ||    72
       Song of Slaying   |       |     3 |     7 |     5 |     4 ||    19
       Fireball          |       |       |       |       |     1 ||     1
       Summon Butterflie |       |       |       |       |     5 ||     5
  Use: Scroll            |       |     3 |     5 |    11 |    11 ||    30
       Potion            |       |       |       |     3 |     3 ||     6
 Stab: Sleeping          |     2 |     1 |     8 |    15 |    21 ||    47
       Distracted        |       |       |     3 |     6 |     5 ||    14
  Eat: Chunk             |     2 |     7 |    13 |     9 |    13 ||    44
       Ration            |       |       |     2 |       |       ||     2
Armor: Leather armour    |    24 |    24 |    84 |    19 |       ||   151
       Skin              |       |       |       |     1 |       ||     1
       Acid dragon scale |       |       |       |    37 |    67 ||   104
Dodge: Dodged            |   118 |   178 |   367 |   355 |   507 ||  1525
       Deflected         |       |       |     1 |     7 |     8 ||    16
Block: Buckler           |       |    32 |       |   116 |   262 ||   410
       Rpst.: Long sword |       |       |       |       |    39 ||    39

Table legend:
 A = Spawn XP
 B = Non-spawn XP
 C = Spawn XP percentage of total XP
 D = Spawn monster count
 E = Non-spawn monster count
 F = Spawn count percentage of total count
 G = Total turns spent on level
                    A         B        C        D         E        F      G
               +---------+---------+-------+---------+---------+-------+---------
         Total |       0 |   67483 |   0.0 |       0 |     478 |   0.0 | 17531
               +---------+---------+-------+---------+---------+-------+---------
           D:1 |       0 |      38 |   0.0 |       0 |      24 |   0.0 |   705
           D:2 |       0 |      40 |   0.0 |       0 |      16 |   0.0 |   833
           D:3 |       0 |      96 |   0.0 |       0 |      20 |   0.0 |   599
           D:4 |       0 |     232 |   0.0 |       0 |      33 |   0.0 |  1132
           D:5 |       0 |     407 |   0.0 |       0 |      11 |   0.0 |   596
           D:6 |       0 |    1511 |   0.0 |       0 |      44 |   0.0 |  1967
           D:7 |       0 |    1640 |   0.0 |       0 |      29 |   0.0 |   940
           D:8 |       0 |     944 |   0.0 |       0 |       7 |   0.0 |  1048
           D:9 |       0 |    2315 |   0.0 |       0 |      30 |   0.0 |   813
          D:10 |       0 |    4894 |   0.0 |       0 |      29 |   0.0 |   651
          D:11 |       0 |    9588 |   0.0 |       0 |      43 |   0.0 |  1125
          D:12 |       0 |    6090 |   0.0 |       0 |      36 |   0.0 |   951
          D:13 |       0 |   12981 |   0.0 |       0 |      38 |   0.0 |  1013
          D:14 |       0 |    9115 |   0.0 |       0 |      28 |   0.0 |   896
          D:15 |       0 |    5803 |   0.0 |       0 |      14 |   0.0 |   968
        Lair:1 |       0 |    6046 |   0.0 |       0 |      20 |   0.0 |   851
        Lair:2 |       0 |    1108 |   0.0 |       0 |       6 |   0.0 |   696
        Lair:3 |       0 |    3706 |   0.0 |       0 |      20 |   0.0 |   750
        Lair:4 |       0 |     392 |   0.0 |       0 |       2 |   0.0 |    17
         Sewer |       0 |     537 |   0.0 |       0 |      28 |   0.0 |   902
               +---------+---------+-------+---------+---------+-------+---------
